Map: Kairos Junction LE

Players

Ayaya - Winner!

  • Race: Zerg Zerg
  • League: Silver
  • Spawn Location: 5:00

A.I. 1 (Very Easy)

  • Race: Protoss Protoss
  • Spawn Location: 11:00

VOD

Have the link to the VOD?

Description

For my paps :)

Time

  • Played on: March 25, 2019, 8:11 p.m.
  • Length: 9:22
Show
View Real Time Build Order
Export as new Build Order

Ayaya Zerg - Winner!

Build Orders: Hatch First 

Get SALT Encoding   

  12  0:01  Drone  
  13  0:12  Overlord  
  13  0:17  Drone  
  14  0:30  Drone x2  
  14  0:34  Drone  
  17  0:55  Hatchery, Drone  
  17  0:59  Drone  
  18  1:09  Extractor  
  17  1:15  Spawning Pool  
  17  1:17  Drone  
  17  1:21  Drone  
  18  1:27  Drone  
  19  1:38  Overlord  
  19  1:49  Drone  
  20  2:06  Queen x2  
  20  2:08  Zergling x4  
  26  2:11  Drone  
  26  2:12  Metabolic Boost  
  27  2:18  Drone  
  27  2:21  Drone  
  29  2:28  Drone  
  30  2:33  Drone  
  31  2:39  Overlord  
  31  2:48  Drone  
  32  2:53  Drone  
  32  2:57  Hatchery, Queen  
  34  3:01  Drone  
  34  3:02  Drone  
  36  3:06  Overlord  
  36  3:11  Drone  
  37  3:17  Drone x3  
  40  3:21  Overlord  
  40  3:26  Drone x2  
  42  3:33  Queen  
  44  3:37  Drone x2  
  46  3:43  Drone x2  
  46  3:46  Overlord x2  
  48  3:58  Drone x5  
  48  4:01  Lair  
  53  4:10  Roach Warren  
  53  4:13  Evolution Chamber  
  53  4:14  Extractor, Drone x2  
  53  4:15  Extractor  
  51  4:17  Evolution Chamber  
  51  4:19  Queen  
  51  4:21  Drone  
  51  4:22  Drone  
  54  4:24  Drone  
  54  4:25  Drone  
  54  4:30  Drone x3  
  59  4:34  Drone x3  
  62  4:41  Drone x3  
  65  4:48  Drone x3  
  68  4:55  Overlord, Queen  
  68  4:59  Glial Reconstitution  
  70  5:00  Zerg Missile Weapons Level 1  
  73  5:07  Drone x5  
  73  5:10  Zerg Ground Armor Level 1  
  75  5:15  Spore Crawler  
  75  5:16  Spore Crawler  
  75  5:20  Spore Crawler  
  72  5:22  Roach x3  
  72  5:23  Roach  
  80  5:32  Queen  
  82  5:36  Roach  
  82  5:37  Roach x3  
  82  5:40  Overlord x3  
  90  5:50  Overlord  
  90  5:51  Overlord  
  90  5:58  Roach x2  
  90  5:59  Roach x5  
  104  6:06  Roach  
  104  6:07  Roach x3  
  104  6:08  Overlord  
  112  6:12  Queen  
  112  6:17  Roach x4  
  122  6:18  Overlord  
  122  6:20  Overlord  
  122  6:23  Roach x2  
  126  6:31  Roach x2  
  130  6:33  Overlord x2  
  130  6:42  Roach x4  
  138  6:49  Roach x2  
  138  6:51  Overlord x3  
  142  6:58  Roach x2  
  146  7:03  Queen  
  148  7:09  Roach x3  
  148  7:10  Roach x2  
  148  7:11  Hatchery  
  157  7:21  Roach  
  157  7:22  Roach x3  
  165  7:26  Extractor  
  165  7:27  Extractor  
  163  7:32  Roach x3  
  169  7:40  Drone x6  
  175  7:46  Roach x4  
  175  7:47  Roach  
  175  7:48  Overlord x2  
  185  7:51  Queen  
  185  7:57  Roach  
  185  7:58  Roach x2  
  193  8:07  Roach  
  193  8:08  Roach x2  
  199  8:18  Overlord x2  
  199  8:21  Drone  
Show
View Real Time Build Order
Export as new Build Order

A.I. 1 (Very Easy) Protoss 

Build Orders: 1 Gate Expand, Nexus First 

Get SALT Encoding   

  12  0:00  Probe  
  13  0:13  Probe  
  14  0:20  Pylon  
  14  0:42  Gateway  
  14  1:00  Nexus  
  14  1:18  Pylon  
  14  1:21  Zealot  
  14  1:22  Assimilator  
  16  1:36  Cybernetics Core  
  16  1:37  Probe  
  17  1:49  Probe  
  18  1:59  Probe  
  18  2:01  Assimilator  
  18  2:07  Probe  
  19  2:12  Stalker  
  19  2:14  Probe, Warp Gate  
  22  2:21  Probe  
  23  2:26  Probe  
  25  2:37  Probe  
  26  2:54  Probe  
  26  2:57  Assimilator  
  27  2:59  Pylon  
  27  3:01  Probe  
  28  3:07  Probe  
  28  3:08  Robotics Facility  
  29  3:17  Probe  
  30  3:20  Probe  
  30  3:22  Zealot  
  33  3:32  Probe  
  34  3:39  Probe  
  34  3:46  Probe  
  35  3:53  Probe  
  36  3:57  Observer  
  36  4:00  Probe  
  38  4:05  Probe  
  39  4:13  Probe  
  39  4:16  Assimilator  
  40  4:18  Probe  
  40  4:19  Observer  
  42  4:25  Probe  
  43  4:32  Sentry  
  43  4:36  Probe  
  45  4:43  Probe  
  46  4:51  Probe  
  47  4:54  Pylon  
  47  4:58  Probe  
  48  5:05  Probe  
  49  5:10  Probe  
  50  8:24  Zealot  
  44  8:38  Probe  
  44  8:40  Pylon  
  30  8:46  Probe  
  24  8:55  Probe  
Tags
 
Add a new tag
Caveats
  • Supply blocks, unpowered buildings, or Contaminate may cause inaccurate times.
  • Supply counts are checked every 10 seconds.